 Dungeon Crawl Stone Soup version 0.29-a0-717-g6dac4ea423 (webtiles) character file.

Game seed: 14643567407795882744

26 porpoise the Shooter (level 3, -3/22 HPs)
             Began as a Tengu Hunter on June 27, 2022.
             Slain by a gnoll
             ... wielding a +0 halberd
              (9 damage)
             ... on level 2 of the Dungeon.
             The game lasted 00:05:46 (1110 turns).

porpoise the Shooter (Tengu Hunter)                 Turns: 1110, Time: 00:05:46

Health: -3/22      AC:  3    Str: 13    XL:     3   Next: 8%
Magic:  4/4        EV: 12    Int:  9    God:
Gold:   49         SH:  0    Dex: 17    Spells: 2/2 levels left

rFire   . . .      SeeInvis .   a - +0 shortbow
rCold   . . .      Faith    .   (shield currently unavailable)
rNeg    . . .      Spirit   .   c - +0 leather armour
rPois   .          Reflect  .   (helmet restricted)
rElec   .          Harm     .   (no cloak)
rCorr   .          Rampage  .   (no gloves)
Will    .....                   (boots unavailable)
Stlth   ++........              (no amulet)
HPRegen 0.07/turn               (no ring)
MPRegen 0.09/turn               (no ring)

@: no status effects
A: beak, talons 3
a: no special abilities


You were on level 2 of the Dungeon.
You visited 1 branch of the dungeon, and saw 2 of its levels.

You collected 49 gold pieces.

Inventory:

Hand Weapons
 a - a +0 shortbow (weapon)
 b - a +1 short sword of draining
Armour
 c - a +0 leather armour (worn)
Scrolls
 e - 2 scrolls of enchant weapon {unknown}
 f - a scroll of noise {unknown}
 g - a scroll of enchant armour {unknown}
 h - a scroll of fear {unknown}
 i - a scroll of identify {unknown}
 j - a scroll of immolation
 k - a scroll of teleportation {unknown}
Potions
 d - a potion of curing


   Skills:
 + Level 2.8 Fighting
 + Level 4.9 Ranged Weapons
 - Level 2.1 Dodging
 - Level 1.0 Stealth


You had 2 spell levels left.
You didn't know any spells.
Your spell library was empty.

Dungeon Overview and Level Annotations

Branches:
Dungeon (2/15)

Altars:

Shops:
D:1 !(:=?

Annotations:
D:1 /Dig


Innate Abilities, Weirdness & Mutations

You have a beak for a mouth.
You have claws for feet.


Message History

There is a stone staircase leading down here.
You climb downwards.
The hobgoblin shouts!
There is a stone staircase leading up here.
A hobgoblin is nearby!
You shoot an arrow. The arrow hits the hobgoblin.
You kill the hobgoblin!
No target in view!
No target in view!
A hobgoblin comes into view.
You shoot an arrow. The arrow hits the hobgoblin.
The hobgoblin shouts!
The hobgoblin is lightly wounded.
A gnoll comes into view. It is wielding a +0 halberd.
You shoot an arrow. The arrow barely misses the hobgoblin.
The gnoll shouts!
A gnoll comes into view. It is wielding a +0 halberd.
You shoot an arrow. The arrow barely misses the hobgoblin.
The gnoll shouts!
A gnoll comes into view. It is wielding a +0 halberd.
You shoot an arrow. The gnoll shouts!
The arrow hits the hobgoblin!
You kill the hobgoblin!
You shoot an arrow. The arrow hits the gnoll.
The gnoll is moderately wounded.
You shoot an arrow. The arrow barely misses the gnoll.
The gnoll hits you from afar with a +0 halberd.
The gnoll hits you from afar with a +0 halberd!
Ouch! That really hurt!
* * * LOW HITPOINT WARNING * * *
You are too injured to fight recklessly!
It was a potion of curing.
You feel better.
The gnoll hits you from afar with a +0 halberd.
The gnoll hits you with a +0 halberd.
* * * LOW HITPOINT WARNING * * *
The gnoll completely misses you.
There is a stone staircase leading up here.
The gnoll misses you. The gnoll hits you with a +0 halberd!
You die...

#.. #..
#.. #.#
.g# . #g#
... #g#
.....###@#
....†....#
########.#
#...
#.....
##......
#+####


You could see 3 gnolls.

Vanquished Creatures
  A giant cockroach (D:1)
  3 goblins (D:1)
  4 hobgoblins
  2 jackals (D:1)
  4 kobolds (D:1)
  6 ball pythons (D:1)
  A bat (D:1)
  3 frilled lizards (D:1)
  A rat (D:1)
25 creatures vanquished.

Notes
Turn   | Place    | Note
-------+----------+-------------------------------------------
     0 | D:1      | porpoise the Tengu Hunter began the quest for the Orb.
     0 | D:1      | Reached XP level 1. HP: 12/12 MP: 2/2
   223 | D:1      | Found Parab's Distillery.
   264 | D:1      | Reached XP level 2. HP: 18/18 MP: 3/3
   264 | D:1      | Found Awaost's Jewellery Shop.
   316 | D:1      | Found a faded altar of an unknown god.
   514 | D:1      | Found Xatujiff's Magic Scroll Boutique.
   565 | D:1      | Found Xaryimupn's Book Boutique.
   689 | D:1      | Found Kyqaid's Weapon Shop.
  1011 | D:1      | Reached XP level 3. HP: 22/22 MP: 4/4
  1110 | D:2      | Slain by a gnoll

Illustrated notes

Levels and vault maps discovered:
D:1:      sevenhm_arrival_forest_fort_large_3, layout_basic,
          ebering_ecumenical_altar_mist, serial_shops, shop, shop,
          nicolae_square_shop, nicolae_shop_advertising_works
          [nicolae_subvault_shop_adworks], nicolae_shop_bloodbath_and_beyond,
          item_on_display_a
D:2:      layout_basic, basic_altar, nicolae_concentric_dashed_squares_mild,
          minivault_14, minmay_snake_closets, uniq_sigmund

Action                   || total
-------------------------++-------
 Fire: Shortbow          ||    62
  Use: Potion            ||     1
Armor: Leather armour    ||     4
Dodge: Dodged            ||    14

Table legend: (Time is in decaauts)
 A = Elapsed time spent in this place.
 B = Non-inter-level travel time spent in this place.
 C = Inter-level travel time spent in this place.
 D = Time resting spent in this place.
 E = Time spent auto-exploring this place.
 F = Levels seen in this place.
 G = Mean time per level.
                   A        B        C        D        E       F      G
               +--------+--------+--------+--------+--------+-----+--------+
         Total |   1128 |   1101 |     27 |     98 |    849 |   2 |  564.0 |
       Dungeon |   1128 |   1101 |     27 |     98 |    849 |   2 |  564.0 |
               +--------+--------+--------+--------+--------+-----+--------+

Top non-repeatable levels by time:
     D:1: 1114 daAuts
     D:2: 13 daAuts
